 Dungeon Crawl Stone Soup version 0.30-a0-174-gbc10bd73c2 (webtiles) character file.

Game seed: 12279668811163036311

784 qw the Shield-Bearer (level 7, -4/43 HPs)
             Began as a Gargoyle Fighter on Oct 1, 2022.
             Was an Initiate of Okawaru.
             Slain by an orc warrior
             ... wielding a +0 battleaxe
              (10 damage)
             ... on level 5 of the Dungeon.
             The game lasted 00:01:21 (4609 turns).

qw the Shield-Bearer (Gargoyle Fighter)             Turns: 4609, Time: 00:01:22

Health: -4/43      AC: 19    Str: 19 (21) XL:     7   Next: 86%
Magic:  7/7        EV:  2    Int:  7 (9)  God:    Okawaru [......]
Gold:   198        SH: 12    Dex:  6 (9)  Spells: 6/6 levels left

rFire   . . .      SeeInvis .    Y - +1 war axe
rCold   + . .      Faith    .    c - +0 tower shield
rNeg    + . .      Spirit   .    j - +0 plate armour
rPois   inf        Reflect  .    a - +2 helmet
rElec   +          Harm     .    (no cloak)
rCorr   .          Rampage  .    (no gloves)
Will    .....                    (no boots)
Stlth   ..........               (no amulet)
HPRegen 0.27/turn                m - ring of protection from cold
MPRegen 0.10/turn                (no ring)

@: about to teleport
A: sickness immunity, AC +4, negative energy resistance 1, electricity
resistance, torment resistance 1, petrification resistance
a: Renounce Religion


You were on level 5 of the Dungeon.
You worshipped Okawaru.
Okawaru was noncommittal.
You visited 2 branches of the dungeon, and saw 6 of its levels.

You collected 288 gold pieces.
You spent 90 gold pieces at shops.


Innate Abilities, Weirdness & Mutations

You are immune to sickness and miasma.
Your stone body is resilient. (AC +4)
You are immune to poison.
You resist negative energy. (rN+)
You are resistant to electric shocks. (rElec)
You are resistant to unholy torment.
You are immune to petrification.


   Skills:
 - Level 4.0 Fighting
 - Level 5.8 Axes
 - Level 3.2 Armour
 + Level 6.8 Shields


You had 6 spell levels left.
You didn't know any spells.
Your spell library was empty.

Inventory:

Hand Weapons
 o - a +0 flail
 Y - a +1 war axe (weapon)
Armour
 a - a +2 helmet (worn)
 c - a +0 tower shield (worn)
 j - a +0 plate armour (worn)
Jewellery
 m - a ring of protection from cold (left hand)
Scrolls
 b - a scroll of identify
 e - a scroll of amnesia {unknown}
 h - 5 scrolls of teleportation
Potions
 d - a potion of might
 f - a potion of lignification
 g - 5 potions of curing
 i - a potion of heal wounds
 l - a potion of haste
 p - a potion of cancellation {unknown}
 q - a potion of resistance {unknown}

Dungeon Overview and Level Annotations

Branches:
Dungeon (5/15)             Temple (1/1) D:5

Altars:
Cheibriados
Dithmenos
Fedhas
Gozag
Hepliaklqana
Kikubaaqudgha
Makhleb
Nemelex Xobeh
Okawaru
Qazlal
Ru
Sif Muna
Trog
Uskayaw
Wu Jian
Yredelemnul
Zin
The Shining One

Shops:
D:5 ?

Annotations:
D:4 1 runed translucent door, Crazy Yiuf


Message History

Found an escape hatch in the floor.
The orc warrior shouts!
An orc comes into view. It is wielding a +0 dagger.
The orc shouts!
An orc comes into view. It is wielding a +0 club.
The orc shouts!
You hit the orc warrior.
The orc warrior is lightly wounded.
An orc priest comes into view. It is wielding a +0 hand axe.
An orc comes into view. It is wielding a +0 flail.
The orc warrior hits you but does no damage.
You barely miss the orc warrior.
The orc warrior is lightly wounded.
The orc priest shouts!
You block the orc warrior's attack.
The orc warrior hits you with a +0 battleaxe!
You hit the orc warrior but do no damage.
The orc warrior is lightly wounded.
The orc priest mumbles some strange prayers to Beogh against you.
Beogh smites you! You block the orc warrior's attack.
You hit the orc warrior but do no damage.
The orc warrior is lightly wounded.
The orc throws a boomerang.
The boomerang barely misses you.
The orc warrior hits you with a +0 battleaxe!
You block the orc warrior's attack. You block the orc's attack.
You closely miss the orc warrior.
The orc warrior is lightly wounded.
You hit the orc. x2
The orc hits you but does no damage. You block the orc warrior's attack.
You block the orc's attack.
The orc warrior hits you with a +0 battleaxe!
You block the orc's attack.
4609 ||| READING 6 scrolls of teleportation.
As you read the scroll of teleportation, it crumbles to dust.
You feel strangely unstable. The orc hits you but does no damage.
The orc priest hits you but does no damage.
The orc hits you but does no damage.
The orc warrior hits you with a +0 battleaxe!
You die...

##..... ...###.
#...... .......
##...... .......
##....#.. .......
#...###.# .......##
##..## #.. >\......#
###...# ##.#
#....oo#####....##
#...
#.oo@........!.###.#.
###o......[.##.##....
####........###....#.8
#..........###...#....
..#......### #.#...8.>
#.###.....# #...#....
# #}_..\..# ###...#.8
.###.....#########....
..#.................#.


You could see an orc warrior, an orc priest and 3 orcs.

Vanquished Creatures
  Sigmund (D:2)
  An ogre (D:4)
  2 necrophages
  A bullfrog (D:5)
  A scorpion (D:3)
  A hound (D:5)
  4 jellies
  Robin (D:1)
  6 adders
  A worm (D:2)
  A dart slug (D:3)
  2 orcs
  3 bats
  6 endoplasms
  5 giant cockroaches
  10 goblins
  7 hobgoblins
  9 jackals
  2 kobolds
  2 quokkas (D:3)
  6 ball pythons
  A frilled lizard (D:1)
  3 rats
76 creatures vanquished.

Notes
Turn   | Place    | Note
-------+----------+-------------------------------------------
     0 | D:1      | qw the Gargoyle Fighter began the quest for the Orb.
     0 | D:1      | Reached XP level 1. HP: 14/14 MP: 1/1
     0 | D:1      | 0 ||| qw: Version: 0.2-a-13-gfc7b4b4
     0 | D:1      | 0 ||| qw: Game counter: 1912
     0 | D:1      | 0 ||| qw: Always use a shield: true
     0 | D:1      | 0 ||| qw: God list: Okawaru
     0 | D:1      | 0 ||| qw: Allow faded altars: false
     0 | D:1      | 0 ||| qw: Do Orc after D:15 true
     0 | D:1      | 0 ||| qw: Do second Lair branch before Depths: true
     0 | D:1      | 0 ||| qw: Lair rune preference: random
     0 | D:1      | 0 ||| qw: Plans: Normal, Zot:1-4, God:TSO, Crypt, Tomb,
                  | Pan, Slime:5, Hells, Abyss, Orb
     0 | D:1      | 0 ||| PLANNING D:1-11
    28 | D:1      | 28 ||| Stepping ~*~*~tactically~*~*~ (stealth).
   657 | D:1      | Reached XP level 2. HP: 17/19 MP: 2/2
   945 | D:1      | 945 ||| UPGRADING to +0 chain mail.
   955 | D:1      | 955 ||| DROPPING +0 scale mail.
   956 | D:1      | 956 ||| UPGRADING to +0 plate armour.
   966 | D:1      | 966 ||| DROPPING +0 chain mail.
   967 | D:1      | 967 ||| READING scroll labelled QULEETUTEO.
   968 | D:1      | 968 ||| READING scroll labelled ISTARRE NOUCO.
   972 | D:1      | 972 ||| READING scroll labelled BIONEX QUAGRIE.
   973 | D:1      | 973 ||| READING scroll labelled LAIRUXTOSAA.
   974 | D:1      | 974 ||| DRINKING 2 bubbling red potions.
   975 | D:1      | 975 ||| DRINKING 2 lumpy ruby potions.
  1076 | D:1      | 1076 ||| DROPPING potion of ambrosia.
  1105 | D:2      | Noticed Robin
  1106 | D:2      | 1106 ||| STAIRDANCE
  1116 | D:2      | 1116 ||| STAIRDANCE
  1156 | D:2      | 1156 ||| STAIRDANCE
  1160 | D:1      | Killed Robin
  1161 | D:1      | Reached skill level 3 in Axes
  1161 | D:1      | Reached XP level 3. HP: 23/23 MP: 3/3
  1165 | D:1      | 1165 ||| UPGRADING to +2 helmet.
  1173 | D:2      | 1173 ||| STAIRDANCE
  1207 | D:2      | Noticed Sigmund
  1216 | D:2      | HP: 3/23 [Sigmund/magic dart (6)]
  1221 | D:2      | Killed Sigmund
  1222 | D:2      | Reached XP level 4. HP: 5/28 MP: 4/4
  1222 | D:2      | Reached XP level 5. HP: 6/32 MP: 5/5
  1842 | D:2      | 1842 ||| Stepping ~*~*~tactically~*~*~ (stealth).
  1878 | D:2      | Reached XP level 6. HP: 37/37 MP: 6/6
  2113 | D:2      | 2113 ||| READING scroll labelled EMIUXT HEIPP.
  2114 | D:2      | 2114 ||| READING scroll labelled DEKHLI PIEM.
  2115 | D:2      | 2115 ||| READING scroll labelled AMEGUKLY OLIUC.
  2116 | D:2      | 2116 ||| READING 3 scrolls labelled FIPSEO CUALEG.
  2117 | D:2      | 2117 ||| DROPPING 2 scrolls of fear.
  2622 | D:3      | 2622 ||| Stepping ~*~*~tactically~*~*~ (hiding).
  2626 | D:3      | 2626 ||| Stepping ~*~*~tactically~*~*~ (hiding).
  3000 | D:3      | 3000 ||| UPGRADING to +0 kite shield.
  3010 | D:3      | 3010 ||| DROPPING +0 buckler.
  3011 | D:3      | 3011 ||| READING scroll labelled KOPI EHAALOA.
  3219 | D:4      | Reached skill level 4 in Shields
  3219 | D:4      | Reached XP level 7. HP: 35/43 MP: 7/7
  3279 | D:4      | 3279 ||| DROPPING +0 whip.
  3319 | D:4      | Reached skill level 5 in Shields
  3692 | D:4      | Found a runed translucent door.
  3693 | D:4      | Noticed Crazy Yiuf
  3919 | D:4      | 3919 ||| UPGRADING to +0 tower shield.
  3929 | D:4      | 3929 ||| DROPPING +0 kite shield.
  3930 | D:4      | 3930 ||| UPGRADING to amulet of guardian spirit.
  3935 | D:4      | 3935 ||| UPGRADING to ring of protection from cold.
  3936 | D:4      | 3936 ||| READING 4 scrolls of identify.
  3936 | D:4      | 3936 ||| IDENTIFYING fizzy purple potion
  3937 | D:4      | 3937 ||| READING 3 scrolls of identify.
  3937 | D:4      | 3937 ||| IDENTIFYING smoky pink potion
  3938 | D:4      | 3938 ||| READING 2 scrolls of identify.
  3938 | D:4      | 3938 ||| IDENTIFYING bubbling golden potion
  3983 | D:5      | Entered Level 5 of the Dungeon
  4027 | D:5      | Found Zin's Purification Station.
  4028 | D:5      | Found a glowing silver altar of Zin.
  4040 | D:5      | 4040 ||| BUYING potion of curing (90 gold).
  4040 | D:5      | Bought a potion of curing for 90 gold pieces
  4061 | D:5      | Found a staircase to the Ecumenical Temple.
  4062 | D:5      | 4062 ||| PLANNING TEMPLE
  4062 | D:5      | 4062 ||| DRINKING 2 yellow potions.
  4063 | D:5      | 4063 ||| READING 2 scrolls of identify.
  4063 | D:5      | 4063 ||| IDENTIFYING purple potion
  4064 | D:5      | 4064 ||| DROPPING potion of degeneration.
  4065 | D:5      | 4065 ||| DROPPING potion of berserk rage.
  4095 | Temple   | Entered the Ecumenical Temple
  4118 | Temple   | 4118 ||| PLANNING OKAWARU WORSHIP
  4275 | Temple   | Became a worshipper of Warmaster Okawaru
  4276 | Temple   | 4276 ||| PLANNING D:1-11
  4276 | Temple   | 4276 ||| REMOVING amulet of guardian spirit.
  4281 | Temple   | 4281 ||| DROPPING amulet of guardian spirit.
  4377 | D:5      | Reached skill level 6 in Shields
  4597 | D:5      | Found Niafiplurem's Magic Scroll Shoppe.
  4608 | D:5      | HP: 6/43 [orc warrior/+0 battleaxe (12)]
  4609 | D:5      | 4609 ||| READING 6 scrolls of teleportation.
  4609 | D:5      | Slain by an orc warrior

Levels and vault maps discovered:
D:1:      dpeg_arrival_more_subterranean_lakeside_camping, layout_basic,
          grunt_decor_arrowhead, ebering_dispersal_statue_hall
D:2:      layout_loops_ring, serial_aquarium, aquarium_bridge_long_separate
          [aquarium_subvault_wall, aquarium_subvault_bridge,
          aquarium_subvault_bridge, aquarium_subvault_wall,
          aquarium_subvault_bridge, aquarium_subvault_bridge],
          aquarium_bridge_straight [aquarium_subvault_bridge,
          aquarium_subvault_wall, aquarium_subvault_bridge,
          aquarium_subvault_balcony], aquarium_window_fake,
          aquarium_window_fake, aquarium_view_2a, aquarium_view_2b,
          minmay_tetromino_t2, uniq_sigmund, uniq_robin
D:3:      layout_loops_ring
D:4:      layout_loops_ring, uniq_crazy_yiuf_cottage
D:5:      layout_layer_cave, zin_purify, minmay_temple_entry_sparse_star,
          serial_shops, shop, eino_tiny_chamber, uniq_ijyb
Temple:   nicolae_temple_bog_church

Skill      XL: |  1  2  3  4  5  6  7 |
---------------+----------------------+-----
Axes           | 2 3 5 |  5.8
Fighting       | 4 |  4.0
Shields        | 4 6 |  6.8
Armour         | |  3.2

Action                   |  1- 3 |  4- 6 |  7- 9 || total
-------------------------+-------+-------+-------++-------
Melee: War axe           |    62 |   132 |    64 ||   258
  Use: Scroll            |     4 |     5 |     5 ||    14
       Potion            |     2 |       |     1 ||     3
Armor: Scale mail        |     9 |       |       ||     9
       Plate armour      |    32 |    87 |    37 ||   156
Dodge: Dodged            |    22 |    37 |     7 ||    66
Block: Buckler           |    11 |    26 |       ||    37
       Kite shield       |       |     5 |    11 ||    16
       Tower shield      |       |       |    33 ||    33

Table legend:
 A = Non-vault XP
 B = Vault XP
 C = Vault XP percentage of total XP
 D = Non-vault monster count
 E = Vault monster count
 F = Vault count percentage of total count
                 A         B        C        D         E       F
            +---------+---------+-------+---------+---------+-------
      Total |     846 |     275 |  24.5 |      63 |      13 |  17.1
            +---------+---------+-------+---------+---------+-------
        D:1 |      16 |      34 |  68.0 |      10 |      11 |  52.4
        D:2 |      61 |     241 |  79.8 |      13 |       2 |  13.3
        D:3 |     124 |       0 |   0.0 |      19 |       0 |   0.0
        D:4 |     290 |       0 |   0.0 |      14 |       0 |   0.0
        D:5 |     355 |       0 |   0.0 |       7 |       0 |   0.0
            +---------+---------+-------+---------+---------+-------
